 Dungeon Crawl Stone Soup version 0.24-a0-307-gf989941 (webtiles) character file.

Game seed: 14977700880699395978

42301 tilp the Unseen (level 13, -6/70 HPs)
             Began as a Spriggan Enchanter on May 12, 2019.
             Was the Champion of Dithmenos.
             Mangled by a death yak (9 damage)
             ... while petrified by you
             ... on level 6 of the Lair of Beasts on May 13, 2019.
             The game lasted 01:40:15 (20525 turns).

tilp the Unseen (Spriggan Enchanter)               Turns: 20525, Time: 01:40:15

Health: -6/70      AC:  7    Str:  4    XL:     13   Next: 84%
Magic:  23/23      EV:  4    Int: 22    God:    Dithmenos [******]
Gold:   1367       SH:  0    Dex: 19    Spells: 6/24 levels left

rFire    + . .     SeeInvis +   a - +2 dagger (flame)
rCold    . . .     Gourm    .   (shield restricted)
rNeg     + + +     Faith    .   p - +2 robe {rF+}
rPois    ∞         Spirit   .   (helmet restricted)
rElec    .         Reflect  .   U - +2 cloak
rCorr    .         Harm     .   (gloves unavailable)
MR       ++...                  (boots unavailable)
Stlth    ++++++++++             y - amulet of magic regeneration
HPRegen  0.21/turn              Y - +3 ring of intelligence
MPRegen  0.43/turn              H - ring of poison resistance

@: about to teleport, petrified, wreathed by umbra, very quick
A: very small, unfitting armour, see invisible, herbivore, speed 3, slow
metabolism 2
a: Shadow Step, Shadow Form, Renounce Religion


You were on level 6 of the Lair of Beasts.
You worshipped Dithmenos.
Dithmenos was exalted by your worship.
You were very hungry.

You visited 3 branches of the dungeon, and saw 18 of its levels.
You also visited: Ossuary and Volcano.

You collected 1367 gold pieces.

Inventory:

Hand Weapons
 a - a +2 dagger of flaming (weapon)
 b - the +2 demon blade of the Snake Pit {freeze, *Rage rElec Str-2 Int+7}
   (You found it on level 11 of the Dungeon)

   It has been specially enchanted to freeze those struck by it, causing extra
   injury to most foes and up to half again as much damage against particularly
   susceptible opponents.
   It can also slow down cold-blooded creatures.
   It affects your strength (-2).
   It affects your intelligence (+7).
   It insulates you from electricity.
   It may make you go berserk in combat.
 h - a +2 dagger of venom
 r - a +0 rapier of flaming
Missiles
 n - 22 poisoned darts (quivered)
 E - 6 datura-tipped darts
Armour
 p - a +2 robe of fire resistance (worn)
 x - a +1 robe of magic resistance
 A - a +2 robe of cold resistance
 U - a +2 cloak (worn)
Jewellery
 y - an amulet of magic regeneration (around neck)
 F - an uncursed ring of protection from fire
 H - a ring of poison resistance (right hand)
 N - a +3 ring of evasion
 T - a +4 amulet of reflection
 Y - a +3 ring of intelligence (left hand)
Wands
 f - a wand of acid (18)
 q - a wand of polymorph (5)
 C - a wand of flame (28)
 O - a wand of disintegration (10)
 Q - a wand of iceblast (22)
 S - a wand of digging (3)
 V - a wand of paralysis (18)
Scrolls
 m - 2 scrolls of fear
 t - 5 scrolls of remove curse
 w - 12 scrolls of teleportation
 B - 2 scrolls of magic mapping
 D - 2 scrolls of fog
 G - a scroll of brand weapon
 J - a scroll of silence
 K - 5 scrolls of enchant weapon
 L - 5 scrolls of amnesia
 M - 2 scrolls of summoning
 P - 3 scrolls of immolation
 X - a scroll of blinking {unknown}
Potions
 d - 3 potions of heal wounds
 e - 4 potions of berserk rage
 g - 4 potions of resistance
 i - 4 potions of lignification
 j - 2 potions of flight
 k - 4 potions of mutation
 l - 9 potions of curing
 o - 3 potions of haste
 s - 2 potions of ambrosia
 u - 5 potions of magic
 v - 2 potions of cancellation
 z - 2 potions of agility
 I - 3 potions of brilliance
 W - a potion of might
Miscellaneous
 R - a lamp of fire
 Z - a crystal ball of energy
Comestibles
 c - 24 rations


   Skills:
 + Level 9.1 Fighting
 - Level 10.0 Short Blades
 - Level 15.0 Dodging
 + Level 18.4 Stealth
 - Level 6.1 Spellcasting
 - Level 10.0 Hexes
 - Level 4.0 Ice Magic
 - Level 4.0 Invocations


You had 6 spell levels left.
You knew the following spells:

 Your Spells              Type           Power        Failure   Level  Hunger
a - Apportation           Tloc           #.....       9%          1    None
b - Ensorcelled Hibernat  Hex/Ice        #####.       1%          2    None
c - Confuse               Hex            ######..     1%          3    #......
d - Tukima's Dance        Hex            ######..     1%          3    #......
e - Dazzling Spray        Conj/Hex       ####..       3%          3    #......
f - Freeze                Ice            ###.         1%          1    None
g - Ozocubu's Armour      Chrm/Ice       ###.....     12%         3    #......
h - Confusing Touch       Hex            ######       1%          1    None
i - Summon Butterflies    Summ           #.......     9%          1    None

Your spell library contained the following spells:

 Spells                   Type           Power        Failure   Level  Hunger
 Corona                   Hex            ######.      1%          1    None
 Cause Fear               Hex            ######....   1%          4    ###....
 Spectral Weapon          Hex/Chrm       ####....     3%          3    #......
 Throw Frost              Conj/Ice       ###...       6%          2    None
 Infusion                 Chrm           #...         9%          1    None
 Magic Dart               Conj           #...         9%          1    None
 Shock                    Conj/Air       #...         9%          1    None
 Fulminant Prism          Conj/Hex       ####......   12%         4    ###....
 Searing Ray              Conj           #.....       14%         2    None
 Shroud of Golubria       Chrm/Tloc      #.........   14%         2    None
 Song of Slaying          Chrm           #.......     14%         2    None
 Swiftness                Chrm/Air       #.......     14%         2    None
 Metabolic Englaciation   Hex/Ice        #####.....   14%         5    #####..
 Invisibility             Hex            ######..     22%         6    ######.
 Call Canine Familiar     Summ           #.......     26%         3    #......
 Gell's Gravitas          Tloc           #.........   26%         3    #......
 Lesser Beckoning         Tloc           #.........   26%         3    #......
 Regeneration             Chrm/Necr      #.........   26%         3    #......
 Static Discharge         Conj/Air       #.......     26%         3    #......
 Silence                  Hex/Air        ####......   32%         5    #####..
 Summon Mana Viper        Hex/Summ       ####....     32%         5    #####..
 Yara's Violent Unravell  Hex/Tmut       ####......   32%         5    #####..
 Summon Ice Beast         Ice/Summ       ###.....     36%         4    ###....
 Throw Icicle             Conj/Ice       ###.....     36%         4    ###....
 Airstrike                Air            #.........   65%         4    ###....
 Force Lance              Conj/Tloc      #.......     65%         4    ###....
 Iskenderun's Mystic Bla  Conj           #.......     65%         4    ###....
 Petrify                  Tmut/Erth      #.......     65%         4    ###....
 Alistair's Intoxication  Tmut/Pois      #.......     94%         5    #####..
 Lightning Bolt           Conj/Air       #.........   94%         5    #####..
 Deflect Missiles         Chrm/Air       #.........   100%        6    ######.
 Summon Hydra             Summ           #.........   100%        7    #######
 Discord                  Hex            ######....   100%        8    #######


Dungeon Overview and Level Annotations

Branches:
Dungeon (11/15)            Temple (1/1) D:6            Lair (6/6) D:9
  Swamp (0/4) Lair:2       Spider (0/4) Lair:2        Slime (0/5) Lair:6
    Orc (0/2) D:10

Altars:
Ashenzari
Cheibriados
Dithmenos
Elyvilon
Fedhas
Gozag
Hepliaklqana
Makhleb
Nemelex Xobeh
Okawaru
Qazlal
Ru
Sif Muna
Trog
Uskayaw
Vehumet
Wu Jian
Xom
Yredelemnul
Zin
The Shining One
Jiyva


Innate Abilities, Weirdness & Mutations

You are very small and have problems with some larger weapons.
You are too small for most types of armour.
You have supernaturally acute eyesight. (SInv)
You are a herbivore.
You cover ground extremely quickly.
You need to consume almost no food.


Message History

You are slowing down.
As you read the scroll of teleportation, it crumbles to dust.
You feel strangely unstable.
You are engulfed in calcifying dust.
Your limbs have turned to stone.
You have turned to stone.
You are engulfed in calcifying dust.
The death yak gores you.
You are engulfed in calcifying dust.
The death yak gores you!
* * * LOW HITPOINT WARNING * * *
The catoblepas breathes a plume of calcifying dust at you.
The blast of calcifying dust hits you!
* * * LOW HITPOINT WARNING * * *
You are engulfed in calcifying dust.
The death yak is no longer petrified.
The death yak is engulfed in calcifying dust.
The death yak is moving more slowly.
The death yak gores you!
* * * LOW HITPOINT WARNING * * *
The death yak barely misses you.
The catoblepas breathes a plume of calcifying dust at you.
The blast of calcifying dust hits you.
* * * LOW HITPOINT WARNING * * *
The death yak gores you!!
You die...

.................##...♣.(...P....
..............................###
...#..#............P.Y.....####..
.PP##.............P.Y.P...##.....
.PP####<.............P...##......
..P......................#.......
..PPPP.P..........§..............
...P#PPP..^....YYY.............##
....#PP.......§§@Y.............##
....P.P........§.................
...P...P.P......................P
......#......§...................
..................##.............
....P............................
.................................
.................................
.....#.#.........................


You could see 5 death yaks and a catoblepas.

Vanquished Creatures
  7 hydras
  A dancing weapon (Volcano)
  3 death yaks (Lair:5)
  2 two-headed ogres (D:9)
  5 wizards (Volcano)
  5 lindwurms
  A cyclops (D:11)
  2 ugly things (D:11)
  5 toenail golems (Volcano)
  17 elephants
  5 spiny frogs
  2 rime drakes
  2 komodo dragons
  2 polar bears (Lair:6)
  A troll (D:10)
  4 jumping spiders (Lair:2)
  6 dream sheep
  9 hippogriffs
  Sigmund (D:6)
  A shadow (D:11)
  A spriggan (D:7)
  4 redbacks (Lair:2)
  2 wyverns
  20 yaks
  Grum (D:9)
  2 basilisks (Lair:6)
  Duvessa (D:5)
  10 water moccasins
  6 porcupines
  2 ice beasts
  2 orc warriors
  A necrophage (D:8)
  A phantom (D:11)
  3 sky beasts
  5 black bears
  14 wolves
  An ogre (D:6)
  14 crocodiles
  9 centaurs
  A big kobold (D:9)
  12 bullfrogs
  Dowan (D:5)
  4 scorpions
  A wyvern skeleton (D:11)
  5 killer bees (D:11)
  3 wights (D:7)
  4 howler monkeys
  9 crimson imps
  2 bullfrog zombies
  2 jellies
  A bullfrog skeleton (D:5)
  3 centaur skeletons
  4 hounds
  Jessica (D:2)
  7 orc wizards
  6 iguanas
  11 worker ants
  A big kobold zombie (Ossuary)
  A hound zombie (D:7)
  A hound skeleton (D:8)
  8 mummies (Ossuary)
  2 worker ant zombies
  11 gnolls
  6 adders
  5 shadow imps
  A worm (D:4)
  3 dart slugs
  6 leopard geckos
  17 orcs
  3 giant cockroaches
  A gnoll zombie (Ossuary)
  9 goblins
  5 hobgoblins
  21 jackals
  6 quokkas
  2 ball pythons
  2 bats
  8 frilled lizards
  14 kobolds
  3 kobold zombies (Ossuary)
  3 orc zombies (Ossuary)
  9 rats
405 creatures vanquished.

Vanquished Creatures (collateral kills)
  A wight (D:7)
1 creature vanquished.

Vanquished Creatures (others)
  A dancing weapon (D:7)
  7 fungi
  5 plants
13 creatures vanquished.

Grand Total: 419 creatures vanquished

Notes
Turn   | Place    | Note
-------+----------+-------------------------------------------
     0 | D:1      | tilp the Spriggan Enchanter began the quest for the Orb.
     0 | D:1      | Reached XP level 1. HP: 9/9 MP: 5/5
   460 | D:1      | Reached XP level 2. HP: 13/13 MP: 5/7
   619 | D:1      | Learned a level 2 spell: Ensorcelled Hibernation
   737 | D:1      | Reached skill level 5 in Stealth
   923 | D:1      | Reached XP level 3. HP: 12/16 MP: 8/8
   939 | D:1      | Learned a level 3 spell: Confuse
  2546 | D:2      | Reached XP level 4. HP: 21/21 MP: 10/10
  2555 | D:2      | Noticed Jessica
  2775 | D:2      | Killed Jessica
  2775 | D:2      | Reached skill level 6 in Stealth
  2967 | D:2      | Reached XP level 5. HP: 18/24 MP: 8/12
  3289 | D:3      | Reached skill level 7 in Stealth
  3462 | D:3      | Learned a level 3 spell: Tukima's Dance
  3466 | D:3      | Learned a level 3 spell: Dazzling Spray
  3901 | D:3      | Found a snail-covered altar of Cheibriados.
  4185 | D:4      | You fall through a shaft!
  4185 | D:5      | Entered Level 5 of the Dungeon
  4386 | D:4      | Found a shimmering altar of Xom.
  4470 | D:4      | Reached XP level 6. HP: 24/28 MP: 10/13
  4808 | D:4      | Reached skill level 8 in Stealth
  4986 | D:5      | Found a blossoming altar of Fedhas.
  5127 | D:5      | Reached skill level 5 in Short Blades
  5260 | D:5      | Noticed an ice beast
  5419 | D:5      | Noticed Duvessa
  5419 | D:5      | Noticed Dowan
  5461 | D:5      | Found a stormy altar of Qazlal.
  5623 | D:5      | Killed Duvessa
  5623 | D:5      | Reached XP level 7. HP: 32/32 MP: 9/15
  5628 | D:5      | Killed Dowan
  5628 | D:5      | Reached skill level 5 in Spellcasting
  5836 | D:6      | Found a staircase to the Ecumenical Temple.
  5880 | Temple   | Entered the Ecumenical Temple
  5891 | Temple   | Became a worshipper of Dithmenos the Shadowed
  5915 | D:6      | Reached skill level 5 in Hexes
  5924 | D:6      | Found a bloodstained altar of Trog.
  6017 | D:6      | Noticed Sigmund
  6077 | D:6      | Reached XP level 8. HP: 36/36 MP: 9/18
  6377 | D:6      | Reached skill level 1 in Fighting
  6401 | D:6      | Learned a level 1 spell: Freeze
  6405 | D:6      | Learned a level 3 spell: Ozocubu's Armour
  6682 | D:5      | Reached skill level 5 in Dodging
  6907 | D:7      | Found a sand-covered staircase.
  6920 | Ossuary  | Entered an ossuary
  6937 | Ossuary  | Reached * piety under Dithmenos
  8079 | D:7      | Reached XP level 9. HP: 44/44 MP: 16/19
  8371 | D:7      | Reached skill level 9 in Stealth
  8594 | D:7      | Reached ** piety under Dithmenos
  8743 | D:7      | Found a sacrificial altar of Ru.
  8746 | D:7      | Found a sparkling altar of Nemelex Xobeh.
  8749 | D:7      | Found a burning altar of Makhleb.
  8838 | D:8      | Found a basalt altar of Yredelemnul.
  8870 | D:8      | Reached skill level 10 in Stealth
  9379 | D:8      | Found a deep blue altar of Sif Muna.
  9610 | D:8      | Reached skill level 11 in Stealth
  9714 | D:9      | Noticed a two-headed ogre
  9718 | D:9      | Killed a two-headed ogre
  9718 | D:9      | Reached XP level 10. HP: 49/49 MP: 20/20
  9771 | D:9      | Found a staircase to the Lair.
  9775 | D:9      | Reached skill level 12 in Stealth
  9787 | D:9      | Reached *** piety under Dithmenos
  9826 | D:9      | Noticed Grum
  9848 | D:9      | Killed Grum
 10133 | D:9      | Found a hazy altar of Hepliaklqana.
 10167 | D:9      | Noticed a two-headed ogre
 10176 | D:9      | Killed a two-headed ogre
 10317 | D:9      | Learned a level 1 spell: Confusing Touch
 10380 | D:9      | Found an iron altar of Okawaru.
 10877 | D:10     | Entered Level 10 of the Dungeon
 11132 | D:10     | Found a staircase to the Orcish Mines.
 11928 | D:11     | Noticed a cyclops
 11936 | D:11     | Killed a cyclops
 11936 | D:11     | Reached skill level 13 in Stealth
 12011 | D:11     | Noticed a red ugly thing
 12017 | D:11     | Killed a red ugly thing
 12034 | D:11     | Noticed a lindwurm
 12099 | D:11     | Noticed a white ugly thing
 12102 | D:11     | Killed a white ugly thing
 12102 | D:11     | Reached XP level 11. HP: 54/54 MP: 21/21
 12239 | D:11     | Noticed a lindwurm
 12239 | D:11     | Noticed a lindwurm
 12239 | D:11     | Noticed a lindwurm
 12241 | D:11     | Killed a lindwurm
 12241 | D:11     | Reached skill level 10 in Dodging
 12243 | D:11     | Killed a lindwurm
 12245 | D:11     | Killed a lindwurm
 12245 | D:11     | Reached **** piety under Dithmenos
 12247 | D:11     | Killed a lindwurm
 12255 | D:11     | Got a jewelled demon blade
 12342 | D:11     | Found a hide-covered altar of Uskayaw.
 12826 | D:11     | Reached skill level 5 in Fighting
 12953 | D:11     | Reached skill level 10 in Hexes
 13175 | D:6      | Killed Sigmund
 13441 | Lair:1   | Entered Level 1 of the Lair of Beasts
 13461 | Lair:1   | Identified the +2 demon blade of the Snake Pit {freeze,
                  | *Rage rElec Str-2 Int+7} (You found it on level 11 of the
                  | Dungeon)
 13507 | Lair:1   | Reached skill level 10 in Short Blades
 13513 | Lair:1   | Reached skill level 14 in Stealth
 13588 | Lair:1   | Learned a level 1 spell: Apportation
 13590 | Lair:1   | Learned a level 1 spell: Summon Butterflies
 13617 | Lair:1   | Found a radiant altar of Vehumet.
 14876 | Lair:2   | Found a staircase to the Swamp.
 14967 | Lair:2   | Found a hole to the Spider Nest.
 14969 | Lair:2   | Reached skill level 15 in Stealth
 14972 | Lair:2   | Reached ***** piety under Dithmenos
 14977 | Lair:2   | Reached XP level 12. HP: 61/61 MP: 19/22
 15605 | Lair:3   | Found a dark tunnel.
 15624 | Volcano  | Entered a volcano
 15892 | Volcano  | Reached skill level 15 in Dodging
 15920 | Volcano  | Reached skill level 1 in Invocations
 15970 | Volcano  | Reached skill level 1 in Ice Magic
 16497 | Lair:4   | Noticed a seven-headed hydra
 16502 | Lair:4   | Killed a seven-headed hydra
 16821 | Lair:4   | Noticed a four-headed hydra
 16827 | Lair:4   | Killed a four-headed hydra
 16939 | Lair:4   | Reached skill level 16 in Stealth
 16946 | Lair:4   | Reached XP level 13. HP: 55/66 MP: 2/23
 19337 | Lair:6   | Entered Level 6 of the Lair of Beasts
 19338 | Lair:6   | Reached skill level 17 in Stealth
 19565 | Lair:6   | Reached ****** piety under Dithmenos
 19802 | Lair:6   | Reached skill level 18 in Stealth
 19920 | Lair:6   | Found a staircase to the Slime Pits.
 19921 | Lair:6   | Found a viscous altar of Jiyva.
 20525 | Lair:6   | HP: 3/70 [catoblepas/blast of calcifying dust (1)]
 20525 | Lair:6   | Mangled by a death yak

Levels and vault maps discovered:
D:1:      dpeg_arrival_water_fire, layout_basic
D:2:      layout_basic, first_ration, uniq_jessica
D:3:      layout_loops_ring, cheibriados_altar_1
D:4:      layout_rooms, led_xom_imps
D:5:      layout_loops_ring, nicolae_overflow_hidden_temple, fedhas_altar_3,
          uniq_duvessa
D:6:      layout_basic, temple_fountains, trog_ov_bears_minmay, uniq_sigmund
D:7:      layout_basic, grunt_temple_overflow_diamond, enter_ossuary_2,
          the_bakery
D:8:      layout_rooms, yredelemnul_altar_generic, marbit_many_paths
D:9:      layout_layer_cave, overflow_temple_1_default, lemuel_doored_altar,
          lair_entry_dummy, minmay_holes, uniq_grum
D:10:     layout_stronghold, orc_0_dummy
D:11:     layout_stronghold, basic_altar, minmay_lindwurm_lava
Temple:   cyrus_circular_temple
Lair:1:   layout_loops_ring, basic_altar, columned_hall_lemuel,
          grunt_megastairs_2
Lair:2:   layout_regular_city, minmay_swamp_entry_reptiles,
          nicolae_spider_entry_tight_spaces, serial_bayou_shore_a,
          grunt_megastairs_3
Lair:3:   layout_regular_city, nicolae_volcano_entry_s_turn, serial_bayou_pond_d
Lair:4:   layout_roguey, grunt_megastairs_4
Lair:5:   layout_regular_city
Lair:6:   grunt_lair_end_beastmaster, layout_gridlike, slime_altar_1

Skill      XL: |  1  2  3  4  5  6  7  8  9 10 11 12 13 |
---------------+----------------------------------------+-----
Spellcasting   | 3 4 6 |  6.1
Stealth        | 5 6 7 8 11 13 15 16 18 | 18.4
Short Blades   | 2 3 4 5 8 9 10 | 10.0
Hexes          | 4 7 8 9 10 | 10.0
Fighting       | 3 4 6 9 |  9.1
Dodging        | 7 8 9 12 15 | 15.0
Invocations    | 3 4 |  4.0
Ice Magic      | 3 4 |  4.0

Action                   |  1- 3 |  4- 6 |  7- 9 | 10-12 | 13-15 || total
-------------------------+-------+-------+-------+-------+-------++-------
Melee: Dagger            |   113 |   149 |   331 |   343 |   128 ||  1064
       Unarmed           |       |     3 |       |       |       ||     3
       Demon blade       |       |       |       |     5 |       ||     5
Throw: Stone             |     3 |     7 |       |       |       ||    10
       Dart              |       |       |     1 |     2 |    22 ||    25
 Cast: Corona            |    14 |       |     2 |       |       ||    16
       Ensorcelled Hiber |    17 |    39 |    61 |   136 |   107 ||   360
       Confuse           |       |     2 |    12 |     7 |     5 ||    26
       Tukima's Dance    |       |       |     3 |       |       ||     3
       Freeze            |       |       |     2 |     1 |       ||     3
       Confusing Touch   |       |       |       |    17 |    10 ||    27
       Dazzling Spray    |       |       |       |     1 |       ||     1
       Ozocubu's Armour  |       |       |       |       |     3 ||     3
Evoke: Wand              |       |       |     3 |       |     2 ||     5
       Lamp of fire      |       |       |       |       |     1 ||     1
  Use: Scroll            |       |    10 |    13 |    12 |     4 ||    39
       Potion            |       |     2 |       |     2 |       ||     4
 Stab: Sleeping          |    23 |    18 |    49 |   119 |    58 ||   267
       Confused          |       |     2 |     9 |    20 |     9 ||    40
       Distracted        |       |       |     4 |     3 |     1 ||     8
  Eat: Ration            |       |     2 |     2 |     4 |     1 ||     9
Armor: Robe              |     8 |    18 |    21 |     7 |     8 ||    62
       Troll leather arm |       |       |       |     8 |       ||     8
Dodge: Dodged            |    64 |   136 |   212 |   249 |   161 ||   822
       Rpst.: Demon blade |       |       |       |     3 |       ||     3

Table legend:
 A = Non-vault XP
 B = Vault XP
 C = Vault XP percentage of total XP
 D = Non-vault monster count
 E = Vault monster count
 F = Vault count percentage of total count
                 A         B        C        D         E       F
            +---------+---------+-------+---------+---------+-------
      Total |   42428 |   18003 |  29.8 |     330 |      76 |  18.7
            +---------+---------+-------+---------+---------+-------
        D:1 |      59 |       0 |   0.0 |      27 |       0 |   0.0
        D:2 |     127 |      37 |  22.6 |      23 |       1 |   4.2
        D:3 |     133 |       0 |   0.0 |      24 |       0 |   0.0
        D:4 |     197 |     196 |  49.9 |      10 |       4 |  28.6
        D:5 |     268 |     235 |  46.7 |       9 |       2 |  18.2
        D:6 |    1007 |     472 |  31.9 |      19 |       3 |  13.6
        D:7 |    1275 |     146 |  10.3 |      25 |       1 |   3.8
        D:8 |     958 |      40 |   4.0 |      25 |       1 |   3.8
        D:9 |    2739 |     676 |  19.8 |      23 |       5 |  17.9
       D:10 |     921 |       0 |   0.0 |      17 |       0 |   0.0
       D:11 |    3579 |    2605 |  42.1 |      26 |       4 |  13.3
     Lair:1 |    1484 |     239 |  13.9 |       7 |       1 |  12.5
     Lair:2 |    2704 |    2584 |  48.9 |      12 |      12 |  50.0
     Lair:3 |    2543 |       0 |   0.0 |      13 |       0 |   0.0
     Lair:4 |    6853 |     233 |   3.3 |      24 |       2 |   7.7
     Lair:5 |    8290 |       0 |   0.0 |      22 |       0 |   0.0
     Lair:6 |    9291 |    3480 |  27.2 |      24 |      13 |  35.1
    Ossuary |       0 |     182 | 100.0 |       0 |      16 | 100.0
    Volcano |       0 |    6878 | 100.0 |       0 |      11 | 100.0
            +---------+---------+-------+---------+---------+-------
